Map: Lerilak Crest

Players

FireCake - Winner!

  • Race: Zerg Zerg
  • League: Grandmaster

AcerBly (Bly)

  • Race: Zerg Zerg
  • League: Grandmaster

Event: Gauntlet LotV Series 1 Qualifier 2

VOD

Have the link to the VOD?

Description

Time

  • Played on: Dec. 5, 2015, 7:19 p.m.
  • Length: 6:11

All games in this series

Show
View Real Time Build Order
Export as new Build Order

FireCake Zerg - Winner!

Build Orders: Pool First 

Get SALT Encoding   

  12  0:01  Drone  
  13  0:08  Drone  
  14  0:17  Overlord  
  14  0:23  Drone, Extractor  
  15  0:36  Drone x2  
  17  0:43  Spawning Pool  
  17  0:47  Drone  
  17  1:09  Hatchery, Extractor  
  15  1:13  Drone  
  15  1:15  Drone  
  17  1:19  Drone  
  18  1:30  Queen  
  20  1:33  Zergling x2  
  20  1:37  Drone  
  22  1:48  Overlord  
  22  2:06  Queen  
  22  2:07  Drone  
  25  2:09  Metabolic Boost  
  25  2:16  Spine Crawler  
  24  2:23  Zergling x4  
  26  2:32  Zergling x2  
  26  2:33  Baneling Nest  
  25  2:40  Zergling x6  
  28  2:48  Zergling x6  
  27  3:10  Drone  
  27  3:12  Overlord  
  27  3:26  Hatchery  
  26  3:30  Drone  
  26  3:32  Zergling x6  
  30  3:39  Zergling x4  
  30  3:40  Zergling x2  
  33  3:47  Hatchery  
  33  3:49  Zergling x2  
  33  3:53  Baneling  
  34  3:57  Baneling  
  34  4:03  Zergling x2  
  34  4:06  Baneling x4  
  35  4:23  Drone x3  
  38  4:38  Overlord  
  37  4:51  Zergling x2  
  37  4:52  Zergling x4  
  37  5:07  Zergling x8  
  37  5:09  Zergling x2  
  37  5:10  Zergling x2  
  40  5:26  Zergling x2  
  40  5:27  Zergling x2  
  40  5:28  Baneling x7  
  40  5:29  Queen  
  40  5:33  Zergling x4  
  40  5:35  Zergling x6  
  45  5:47  Zergling x4  
Show
View Real Time Build Order
Export as new Build Order

AcerBly Zerg 

Build Orders: Pool First 

Get SALT Encoding   

  12  0:01  Drone  
  13  0:11  Drone  
  14  0:14  Extractor  
  13  0:28  Spawning Pool  
  13  0:33  Drone  
  13  0:38  Drone  
  14  0:45  Drone, Extractor  
  15  0:55  Overlord  
  15  1:16  Metabolic Boost, Queen  
  17  1:21  Zergling x2  
  17  1:24  Zergling x2  
  19  1:29  Zergling x2  
  20  1:32  Zergling x2  
  21  1:43  Zergling x2  
  22  1:59  Hatchery  
  21  2:04  Overlord  
  21  2:08  Zergling x2  
  22  2:26  Drone  
  22  2:27  Zergling x6  
  26  2:31  Zergling x2  
  27  2:41  Overlord  
  27  2:47  Queen  
  26  3:04  Zergling x2  
  26  3:05  Zergling x6  
  29  3:11  Drone  
  28  3:40  Baneling Nest  
  26  3:45  Zergling x16  
  31  3:50  Drone  
  32  4:06  Drone x2  
  32  4:07  Drone  
  34  4:11  Zergling x6  
  37  4:22  Drone x2  
  39  4:30  Baneling x4  
  39  4:41  Drone x3  
  29  4:53  Zergling x6  
  29  4:56  Zergling x2  
  29  4:57  Zergling x2  
  23  5:19  Baneling x2  
  19  5:23  Zergling x4  
  21  5:31  Zergling x2  
  21  5:36  Zergling x2  
Tags
 
Add a new tag
Caveats
  • Supply blocks, unpowered buildings, or Contaminate may cause inaccurate times.
  • Supply counts are checked every 10 seconds.